[Event "ESP-ch Teams Primera 2022"]
[Site "Sanxenxo Pontevedra"]
[Date "2022.09.22"]
[Round "6.12"]
[White "Recuenco Andres, Javier"]
[Black "Hernandez Estevez, Yudania"]
[Result "1-0"]
[ECO "B11"]
[WhiteElo "1925"]
[BlackElo "2199"]
[Annotator "TA"]
[PlyCount "89"]
[EventDate "2022.09.17"]
[EventType "team-tourn"]
[EventCountry "ESP"]
[SourceTitle "playchess.com"]
[Source "ChessBase"]
[SourceQuality "1"]
[TimeControl "5400+30"]

1. e4 c6 2. Nf3 d5 3. Nc3 Bg4 4. d4 e6 5. h3 Bxf3 6. Qxf3 Nf6 7. Bd3 Nbd7 {B11: Caro-Kann: Two Knights Variation.} (7... dxe4 $11 8. Nxe4 Qxd4) 8. e5 $16 Ng8 9. Ne2 {White has more active pieces.} Ne7 {[#] White is slightly better.} 10. Nf4 $146 (10. O-O $14) ({Predecessor:} 10. Bg5 Qa5+ 11. c3 c5 12. O-O cxd4 13. cxd4 Nc6 14. a3 Be7 15. Be3 O-O 16. Nf4 {1-0 (24) Sorokina,A (2110)-Melnik,G (2155) Svetlogorsk 1997}) 10... c5 $11 11. c3 Nc6 {[#]} (11... Qb6 $11) 12. Nxe6 $1 $16 Ndxe5 13. dxe5 (13. Nxd8 $6 Nxf3+ 14. gxf3 Rxd8 $11) 13... fxe6 14. Qh5+ Kd7 15. f4 Qe8 (15... c4 $11 16. Bc2 (16. Bxh7 g6 $17) 16... Bc5) 16. Qe2 Kc7 17. O-O g6 18. Be3 Rd8 19. a4 Be7 20. a5 Qf8 21. Qg4 (21. Bb5 $16) 21... c4 $1 $11 {Hoping for ...Bc5.} 22. Bc2 (22. Be2 $5 ) 22... Bc5 23. Qe2 Kb8 24. Rfd1 Qe7 25. b3 (25. Bxc5 $11 Qxc5+ 26. Qf2 Qxf2+ 27. Kxf2) 25... d4 (25... g5 $17 {And now ...cxb3 would win.} 26. fxg5 cxb3 27. Bxb3 Rdg8) 26. cxd4 Bxd4 (26... Rxd4 $11 {remains equal.} 27. Qf2 (27. Bxd4 $2 Nxd4 28. Qxc4 Nxc2+ 29. Kh2 Nxa1 $19) 27... cxb3 28. Bxb3 Rxd1+ 29. Bxd1 (29. Rxd1 Bxe3 30. Qxe3 Nxa5 $11) 29... Bxe3 30. Qxe3 Nb4) 27. Bxd4 $16 {White now steadily converts the win.} ({But not} 27. bxc4 Bxa1 28. Rxa1 g5 $15) 27... cxb3 {[#]} (27... Nxd4 $16 28. Qxc4 Nxc2 29. Qxc2 g5) 28. Bxa7+ $1 $18 Nxa7 29. Bxb3 g5 $2 (29... Rxd1+ 30. Rxd1 Nc6) 30. fxg5 Qxg5 (30... Rxd1+ $142 31. Rxd1 Rd8) 31. a6 Rxd1+ 32. Rxd1 Rd8 33. Bxe6 (33. Rxd8+ Qxd8 34. Qf2 (34. Qe3 bxa6 35. Bxe6 Nc6 $16) 34... bxa6 $16) 33... Rxd1+ 34. Qxd1 {[%mdl 4096] Endgame White threatens Qd6+ and mate. KQB-KQN} Qe3+ 35. Kh1 {Threatening mate with Qd8+.} Nc6 {Prevents Qd8+.} 36. Qd6+ (36. Bd5 $142 {Threatens to win with Bxc6.} Nxe5 37. axb7 (37. Qb1 b6 $16)) 36... Ka7 37. axb7 Qc1+ 38. Kh2 {Qf8 is the strong threat.} Qf4+ 39. Kg1 Qc1+ 40. Kf2 Qb2+ $2 (40... Qf4+ 41. Ke2 Qe4+ 42. Kd1 Qa4+ 43. Ke1 Qh4+ 44. Kd1 Qa4+ 45. Kc1 Qf4+ 46. Qd2 Qxe5) 41. Kg3 Qxb7 42. Qa3+ Kb8 43. Qf8+ Ka7 44. Bd5 {Intending Qc5+ and mate.} Qc7 45. Qc5+ {Weighted Error Value: White=0.28 (precise) /Black=0.49} 1-0

[Event "ESP-ch Teams Primera 2022"]
[Site "Sanxenxo Pontevedra"]
[Date "2022.09.22"]
[Round "6.13"]
[White "Alsina Leal, Daniel"]
[Black "Vallejo Pons, Francisco"]
[Result "0-1"]
[ECO "B46"]
[WhiteElo "2525"]
[BlackElo "2711"]
[Annotator "TA"]
[PlyCount "72"]
[EventDate "2022.09.17"]
[EventType "team-tourn"]
[EventCountry "ESP"]
[SourceTitle "playchess.com"]
[Source "ChessBase"]
[SourceQuality "1"]
[TimeControl "5400+30"]

1. e4 c5 2. Nf3 e6 3. d4 cxd4 4. Nxd4 Nc6 5. Nc3 a6 6. Be2 d6 7. Be3 Nf6 8. Qd2 {[%emt 0:02:22] B90: Sicilian Najdorf: Unusual White 6th moves, 6 Be3 Ng4 and 6 Be3 e5.} Bd7 {[%emt 0:07:28] is the legacy move (8...Be7).} 9. f4 b5 10. a3 {[%emt 0:07:00] White is slightly better.} Rc8 {[%emt 0:12:15] [#]} 11. g4 $5 $146 {[%emt 0:17:06][%mdl 8] An interesting novelty.} (11. O-O $14) ({Predecessor:} 11. O-O Be7 12. Nb3 O-O 13. g4 h6 14. h4 Nh7 15. g5 hxg5 16. fxg5 Ne5 17. Nd4 g6 {½-½ (17) Wagner,D (2543)-Movsesian,S (2677) Dresden 2017}) 11... Nxg4 $11 12. Bxg4 Nxd4 (12... Qh4+ $15 13. Qf2 Qxg4) 13. Bxd4 $14 {[%emt 0:00:53] Strongly threatening 0-0-0.} Qh4+ 14. Qf2 $1 Qxg4 15. Rg1 $36 {[%emt 0:01:25][%mdl 2048] White is more active.} Qh3 (15... Qh5 $11) 16. O-O-O $1 $16 {[%emt 0:02:35][%mdl 1024] White has strong compensation.} f6 17. Kb1 Qh5 18. Rd3 Qf7 19. f5 e5 20. Bb6 Bc6 21. Ba5 g5 22. fxg6 hxg6 23. Bb4 Rd8 {[%emt 0:02:22] [#]} (23... f5 $1 $14) 24. Rgd1 $1 Bb7 25. Qb6 Rxh2 26. Nd5 $2 ({Not} 26. Ba5 Rd7 $15) ({White has to play} 26. Bxd6 $18 Rxd6 27. Rxd6 Bxd6 28. Qxd6) 26... Rh7 $1 $11 27. Rc3 {[%emt 0:03:10] Hoping for Nc7+.} Bxd5 28. Rxd5 (28. Ba5 $1 $11 Qd7 29. exd5 (29. Qxd8+ Qxd8 30. Bxd8 Bxe4 $15)) 28... Qb7 $17 29. Qg1 {[%emt 0:00:11] Inhibits Rh1.} Kf7 30. Rcd3 g5 31. Qf2 Qc8 ({Better is} 31... Rh1+ $17 32. Ka2 Rh4) 32. Rc3 {[%emt 0:00:36] [#]} (32. Bxd6 $15 Rh1+ 33. Ka2 Rxd6 34. Rxd6 Bxd6 35. Rxd6) 32... Qg4 $1 $19 33. Qb6 (33. Qa7+ $17 {was called for.} Kg6 34. Qxa6) 33... Qxe4 34. Qc7+ $2 (34. Rc7+ Kg8 35. Rxh7 Qxh7 36. Rd2) 34... Be7 35. Rcd3 (35. Rdd3 Qg4 36. Qb7) 35... Rh1+ 36. Ka2 Qc4+ {[%emt 0:00:11] Quite a comeback for Black.  Weighted Error Value: White=0.83/Black=0.33} 0-1

[Event "ESP-ch Teams Primera 2022"]
[Site "Sanxenxo Pontevedra"]
[Date "2022.09.22"]
[Round "6.14"]
[White "Narayanan.S.L"]
[Black "Lorenzo De La Riva, Lazaro"]
[Result "1-0"]
[ECO "E71"]
[WhiteElo "2657"]
[BlackElo "2430"]
[Annotator "TA"]
[PlyCount "101"]
[EventDate "2022.09.17"]
[EventType "team-tourn"]
[EventCountry "ESP"]
[SourceTitle "playchess.com"]
[Source "ChessBase"]
[SourceQuality "1"]
[TimeControl "5400+30"]

1. d4 Nf6 2. c4 g6 3. Nc3 Bg7 4. e4 d6 5. h3 e5 6. d5 {E71: King's Indian: 4 e4 d6 5 h3.} a5 7. Bg5 $5 {[%mdl 4] Exploring less charted territory.} Na6 8. Bd3 {[#] White is slightly better.} h6 $146 ({Predecessor:} 8... O-O 9. Nge2 Bd7 10. O-O h6 11. Be3 Nh5 12. Qd2 f5 13. exf5 gxf5 14. f4 e4 15. Bc2 Nc5 16. Kh2 Qe7 17. Rae1 Kh8 18. Rg1 {½-½ (18) Shlyakhtenko,R (2421)-Kavutskiy,K (2401) Los Angeles 2022}) 9. Be3 (9. Qa4+ Bd7 10. Bxf6 Qxf6 $15) 9... Nd7 10. Nge2 Nac5 11. Bc2 Nb6 12. b3 $1 c6 13. dxc6 bxc6 14. Qd2 Ra7 15. Rd1 Rd7 16. O-O a4 {[#]} 17. Kh1 ({Better is} 17. f4 $1 $16) 17... axb3 18. axb3 Ne6 {[#]} (18... Bb7 $142) 19. f4 $1 $16 exf4 20. Nxf4 Nxf4 21. Bxf4 Bb7 (21... Be5 $16 22. Bxe5 dxe5) 22. Qe3 $18 g5 23. Bg3 {Strongly threatening e5.} O-O 24. e5 dxe5 25. Qe4 (25. Bxe5 Re8 26. Bc7 (26. Rxd7 $2 Nxd7 27. Bh7+ Kxh7 $19) 26... Rxe3 $17) 25... f5 26. Rxf5 Rxd1+ 27. Nxd1 Rxf5 (27... Nd7 $142 28. Ne3 Nf6 29. Rxf6 (29. Qxe5 Bc8 $14) 29... Rxf6 30. Bxe5 (30. Qh7+ Kf8 $16) 30... Qe7) 28. Qxf5 {Black must now prevent Qe6+.} Bc8 {Inhibits Qe6+.} 29. Qg6 {aiming for Bxe5.} Qf6 30. Qe8+ Bf8 31. Ne3 ({Don't take} 31. Bxe5 $6 Bd7 32. Bxf6 (32. Qb8 Qf1+ 33. Kh2 Qe2 $16) 32... Bxe8 $16) (31. Nf2 $18) 31... Bd7 $16 32. Qxe5 {White is much more active.} Qxe5 33. Bxe5 Be6 34. Kg1 Nd7 35. Bc3 Kf7 36. Kf2 Nf6 37. Kf3 h5 38. Bf5 {Against g4+} Nd7 (38... g4+ {was necessary.} 39. hxg4 hxg4+ 40. Bxg4 (40. Nxg4 Bxf5 41. Nxf6 Bg7 $11) 40... Nxg4) 39. Bxe6+ Kxe6 $18 {[%mdl 4096] Endgame KBN-KBN} 40. Nc2 c5 41. Ne3 Bd6 42. Nd5 {g4 is the strong threat.} Kf5 43. Ne3+ (43. g4+ $142 hxg4+ 44. hxg4+ Ke6 45. Ke4) 43... Ke6 44. Ke4 Be5 $2 (44... Be7 45. Nd5 Bd8) 45. Bxe5 {White is clearly winning.} Nxe5 {KN-KN} 46. Nf5 Nc6 47. Ng7+ Kd6 48. Nxh5 Na5 49. Kf5 Nxb3 50. Nf6 Ke7 51. Nd5+ {Weighted Error Value: White=0.18 (very precise) /Black=0.25 (precise)} 1-0

[Event "ESP-ch Teams Primera 2022"]
[Site "Sanxenxo Pontevedra"]
[Date "2022.09.22"]
[Round "6.15"]
[White "Alonso Moyano, Jonathan"]
[Black "Fier, Alexandr"]
[Result "0-1"]
[ECO "D00"]
[WhiteElo "2348"]
[BlackElo "2583"]
[Annotator "TA"]
[PlyCount "54"]
[EventDate "2022.09.17"]
[EventType "team-tourn"]
[EventCountry "ESP"]
[SourceTitle "playchess.com"]
[Source "ChessBase"]
[SourceQuality "1"]
[TimeControl "5400+30"]

1. d4 d5 2. Bf4 Bf5 3. c4 e6 4. Nc3 Nf6 5. e3 Bb4 6. Qb3 {[%emt 0:08:11] D06: Queen's Gambit: Symmetrical and Baltic Defences.} Nc6 {[%emt 0:00:22] [#]} 7. O-O-O $146 (7. Bg5 $11 {keeps the balance.}) ({Predecessor:} 7. cxd5 Nxd5 8. Bb5 Nxf4 9. exf4 Qxd4 10. Bxc6+ bxc6 11. Nge2 Qb6 12. O-O O-O 13. Na4 {0-1 (45) Kamsky,G (2658)-Caruana,F (2781) Chess.com INT 2022}) 7... a5 8. f3 {[%emt 0:00:36] Inhibits Ne4. Black is slightly better.} Qe7 9. e4 (9. Qa4 $15) 9... dxe4 10. fxe4 a4 ({And not} 10... Nxe4 11. Nxe4 Bxe4 12. Qe3 $17) 11. Qc2 Bg6 $36 {[%emt 0:05:32][%mdl 2048] Strongly threatening ...a3. Black is on the roll.} 12. Nge2 (12. Nb5 $17 Ba5 13. a3) 12... a3 $19 13. b3 O-O-O {[%emt 0:01:45] aiming for ...Bxc3.} 14. Be3 Ng4 15. Bg1 {[%emt 0:00:22] [#]} Qg5+ 16. Qd2 Qa5 17. Qc2 f5 18. Nb5 ({Not} 18. h3 Nf6 19. Be3 fxe4 $19) 18... fxe4 {[%emt 0:01:04] White must now prevent ...e3.} 19. Nf4 Bf5 {[%emt 0:00:08] And now ...e3 would win.} 20. Qe2 {[%emt 0:00:27] Inhibits e3.} (20. h3 e3 21. Bd3 Bd2+ 22. Rxd2) 20... e3 21. Bxe3 Bc3 22. Nd3 {[%emt 0:03:46] Prevents Bb2+.} Nxe3 23. Qxe3 Nxd4 24. Nxd4 Bxd4 {[%emt 0:00:05] A strong pair of Bishops.} 25. Qd2 {[%emt 0:00:09] [#]} Be3 $1 {[%emt 0:00:04][%mdl 512] Black mates.} 26. Qxe3 (26. b4 Qb6) 26... Qc3+ 27. Kb1 Qb2# {White did not feel at home in the position after the opening.  Weighted Error Value: White=1.10/Black=0.24 (precise)} 0-1

[Event "ESP-ch Teams Primera 2022"]
[Site "Sanxenxo Pontevedra"]
[Date "2022.09.22"]
[Round "6.16"]
[White "Adla, Diego"]
[Black "Martinez Ramirez, Erik"]
[Result "1/2-1/2"]
[ECO "A16"]
[WhiteElo "2393"]
[BlackElo "2181"]
[Annotator "TA"]
[PlyCount "175"]
[EventDate "2022.09.17"]
[EventType "team-tourn"]
[EventCountry "ESP"]
[SourceTitle "playchess.com"]
[Source "ChessBase"]
[SourceQuality "1"]
[TimeControl "5400+30"]

1. c4 {[%emt 0:00:44] Ribli,Z} Nf6 2. Nc3 d5 3. cxd5 Nxd5 4. Nf3 g6 5. e4 Nxc3 6. dxc3 Qxd1+ 7. Kxd1 f6 8. Be3 e5 9. a4 {[%emt 0:01:27] A16: English Opening: 1...Nf6 with ...d5.} a5 10. Nd2 Be6 11. Bc4 Bxc4 12. Nxc4 Nd7 {[%emt 0:00:06] [#]} 13. Ke2 $146 ({Predecessor:} 13. Kc2 Bc5 14. Rhd1 Bxe3 15. Nxe3 Nc5 16. f3 Rf8 17. Rd5 b6 18. Rad1 Rf7 19. b3 {½-½ (33) Rogers,I (2535)-Miralles,G (2460) Geneve 1990 CBM 021 [Ribli,Z]}) 13... Bc5 14. Rhd1 b6 15. Bd2 Ke7 16. f4 Ke6 17. Rf1 exf4 18. Bxf4 Ne5 19. Bxe5 fxe5 20. Rad1 Rhd8 {[%emt 0:04:04] Inhibits Rd5.} 21. Rxd8 Rxd8 $11 {[%emt 0:00:02][%mdl 4096] Endgame KRB-KRN} 22. Nd2 c6 23. Nc4 Ra8 24. Ra1 Rf8 25. Rf1 {[%emt 0:00:04] Prevents Rf2+.} Ra8 26. Nd2 Rd8 27. Nf3 {[%emt 0:12:43] [#] Black must now prevent Ng5+.} Be7 {[%emt 0:00:08] Against Ng5+} 28. Rd1 Rf8 29. Kd3 Rd8+ 30. Kc2 Rf8 31. Rf1 Rd8 32. Ne1 Ra8 33. Nd3 Bg5 34. Rf3 Rd8 35. h4 Be7 36. h5 Bf6 (36... gxh5 $11 37. Rf5 Bf6) 37. hxg6 $14 hxg6 38. Rh3 Rd7 (38... Be7 $11) 39. Rh6 $16 Kf7 40. Rh7+ Ke6 41. Rxd7 Kxd7 {[%emt 0:00:01] KB-KN} 42. Kb3 b5 43. Ka3 (43. c4 $1 $14) 43... Be7+ {[%emt 0:00:44] The position is equal.} 44. b4 Bd6 45. Kb3 bxa4+ 46. Kxa4 axb4 47. cxb4 Kc7 48. Kb3 Kd7 49. Kc4 Bb8 50. Ne1 Ba7 51. Nf3 Ke6 52. b5 cxb5+ 53. Kxb5 Be3 54. Kc6 Bf4 55. Nh4 Kf6 56. Kd5 Bg3 57. Nf3 g5 58. Ng1 g4 59. Ne2 Be1 60. Nc1 Bc3 61. Nd3 Kg5 62. Nxe5 {[%emt 0:03:19] And now Nd3 would win.} Kf4 63. Nc4 Kg3 64. Ne3 Kf4 65. Nf1 {[%emt 0:02:03][%cal Oe4e5] aiming for e5!} g3 66. Kc4 Bb2 67. Kd3 Bc1 {[%emt 0:00:21] Prevents Ne3.} 68. Kc2 Ba3 69. Nd2 Bb4 70. Kd3 Bxd2 {[%emt 0:00:07][%mdl 64] [#] Remove Defender} 71. Kxd2 Kxe4 $11 {[%emt 0:00:04] KP-KP} 72. Ke2 Kf4 73. Kd3 Kf5 74. Ke3 Ke5 75. Kf3 Kf5 76. Kxg3 {[%emt 0:00:04] KP-K} Kg5 77. Kf3 Kf5 78. g4+ Kg5 79. Kg3 Kg6 80. Kf4 Kf6 81. g5+ Kg6 82. Kg4 Kg7 83. Kf5 Kf7 84. g6+ Kg7 85. Kg5 Kg8 86. Kf6 Kf8 87. g7+ Kg8 88. Kg6 {Weighted Error Value: White=0.05 (flawless) /Black=0.04 (flawless)} 1/2-1/2

[Event "ESP-ch Teams Primera 2022"]
[Site "Sanxenxo Pontevedra"]
[Date "2022.09.22"]
[Round "6.17"]
[White "Bosque Ortega, Xavier"]
[Black "Glavina, Pablo"]
[Result "0-1"]
[ECO "D00"]
[WhiteElo "2164"]
[BlackElo "2400"]
[Annotator "TA"]
[PlyCount "80"]
[EventDate "2022.09.17"]
[EventType "team-tourn"]
[EventCountry "ESP"]
[SourceTitle "playchess.com"]
[Source "ChessBase"]
[SourceQuality "1"]
[TimeControl "5400+30"]

1. d4 d5 2. Bf4 c5 3. e3 Nc6 4. c3 Qb6 5. Qb3 c4 6. Qc2 {[%emt 0:00:38] D00: 1 d4 d5: Unusual lines.} e5 $1 {[%emt 0:00:31][%mdl 4] is recently more successful than 6...Bf5.} 7. Bxe5 Nxe5 8. dxe5 {[%emt 0:00:04] The position is equal.} Bf5 {[%emt 0:00:17][%mdl 64] Deflection} 9. Qxf5 Qxb2 {[%emt 0:00:08] Hoping for ...g6.} 10. e6 $2 fxe6 $1 $19 11. Qxe6+ {[%emt 0:00:02] [#]} Be7 $146 (11... Ne7 12. Bxc4 Rc8 {[#]} 13. Bd3 $1 $16 (13. Bxd5 Qxa1 14. Qe4 Qb2 $16)) ({Predecessor:} 11... Ne7 12. Bxc4 dxc4 13. Nf3 Qb6 14. Qxc4 Rc8 15. Qb3 Nc6 16. O-O Na5 17. Qa4+ Nc6 {0-1 (74) Csonka,B (2498)-Rasulov,V (2478) Chess.com INT 2021}) 12. Nf3 {[%emt 0:00:34][%cal Of1c4] aiming for Bxc4!} (12. Qxd5 $2 Rd8 13. Qxd8+ (13. Qh5+ $2 g6 $19) 13... Kxd8 14. Bxc4 Qxa1 $19) 12... Qxa1 13. Nfd2 Nf6 ({Not} 13... Qxa2 14. Qxd5 Qb2 15. Be2 $11) 14. Be2 Qxa2 15. O-O (15. e4 {was called for.}) 15... Qa4 16. e4 Qd7 17. exd5 b5 ({Avoid the trap} 17... Qxd5 $2 18. Qe3 $19) ({But not} 17... Nxd5 $2 18. Qxd7+ Kxd7 19. Bf3 $19) 18. Bf3 Rd8 19. Re1 Qxe6 20. dxe6 O-O 21. Bc6 a6 22. Bb7 Rd6 23. h3 Rb8 24. Bf3 Rbb6 25. Ne4 Nxe4 26. Rxe4 Kf8 27. Bg4 h5 28. Rf4+ Bf6 29. Bf5 (29. Bxh5 Rxe6 30. Kf1) 29... Ke7 {[%emt 0:00:58] Black is clearly winning.} 30. g4 hxg4 31. Bxg4 g5 32. Re4 Rd3 33. Kg2 a5 34. Na3 Rxc3 35. Nb1 Rd3 36. Be2 Rdd6 {[%emt 0:00:06] And now ...c3 would win.} 37. Bg4 c3 38. Na3 Rd2 39. Bf5 Bd4 40. Nc2 Bxf2 {[%emt 0:00:23] White got outplayed after the opening.  Weighted Error Value: White=0.80/Black=0.34} 0-1

[Event "ESP-ch Teams Primera 2022"]
[Site "Sanxenxo Pontevedra"]
[Date "2022.09.22"]
[Round "6.18"]
[White "Vega Gutierrez, Sabrina"]
[Black "Castillo Escario, Yolanda"]
[Result "1-0"]
[ECO "C60"]
[WhiteElo "2395"]
[BlackElo "2035"]
[Annotator "TA"]
[PlyCount "57"]
[EventDate "2022.09.17"]
[EventType "team-tourn"]
[EventCountry "ESP"]
[SourceTitle "playchess.com"]
[Source "ChessBase"]
[SourceQuality "1"]
[TimeControl "5400+30"]

1. e4 e5 2. Nf3 Nc6 3. Bb5 Nge7 4. O-O g6 5. c3 a6 6. Ba4 Bg7 7. d4 exd4 8. cxd4 b5 {[%emt 0:00:04] C60: Ruy Lopez: Unusual Black 3rd moves and 3...g6.} 9. Bb3 O-O 10. Nc3 {[%emt 0:04:59] Against d5} h6 (10... Na5 $11) 11. d5 Na5 {[%emt 0:00:18] [#]} 12. d6 $146 ({Predecessor:} 12. Bf4 d6 13. Nd4 f5 14. f3 Qe8 15. Rc1 fxe4 16. fxe4 Bd7 17. Qd3 Nxb3 18. axb3 {0-1 (44) Obrien,G (1609)-Vio,M (1868) LSS email 2017}) 12... cxd6 13. Qxd6 Nb7 14. Qg3 d6 {[%emt 0:09:55] White now steadily converts the win.} ({Black should try} 14... Nc5 $14) 15. Rd1 {[%emt 0:01:55] White has more active pieces.} Be6 {[%emt 0:05:35] [#]} (15... b4 $16) 16. Bxe6 $1 $18 fxe6 17. Qh3 Nc6 18. Qxe6+ Kh7 19. Qh3 {[%emt 0:08:09] Threatens to win with Ng5+.} Rxf3 {[%emt 0:06:38] [#]} (19... Qc8) 20. Qxf3 ({Don't do} 20. gxf3 Qc8 21. Qxc8 Rxc8 $18) 20... Ne5 21. Qe2 Qh4 22. f4 Nc4 23. a4 Nba5 24. axb5 axb5 25. Nxb5 Rb8 26. Nxd6 Bxb2 27. Rxa5 Bxc1 28. Qxc4 (28. Ra7+ $142 Kh8 29. Nf7+ Kg8 30. Qxc4 Be3+ 31. Kh1 Qe1+ 32. Rxe1 Bxa7 33. Rd1) 28... Bxf4 29. Qc7+ {[%emt 0:00:13] Weighted Error Value: White=0.08 (flawless) /Black=0.94} 1-0

[Event "ESP-ch Teams Primera 2022"]
[Site "Sanxenxo Pontevedra"]
[Date "2022.09.22"]
[Round "6.19"]
[White "Cordova, Emilio"]
[Black "Vazquez Igarza, Renier"]
[Result "1/2-1/2"]
[ECO "A06"]
[WhiteElo "2550"]
[BlackElo "2535"]
[Annotator "TA"]
[PlyCount "52"]
[EventDate "2022.09.17"]
[EventType "team-tourn"]
[EventCountry "ESP"]
[SourceTitle "playchess.com"]
[Source "ChessBase"]
[SourceQuality "1"]
[TimeControl "5400+30"]

1. Nf3 d5 2. g3 Nf6 3. Bg2 c6 4. c4 dxc4 5. O-O Nbd7 6. Na3 Nb6 7. Qc2 {The position is equal.} Be6 {A11: English Opening: 1...c6.} 8. Ng5 Bg4 9. Nxc4 Bxe2 10. Ne5 Bh5 11. Re1 $1 h6 12. Ne4 {[#] Threatens to win with Nxf6+.} e6 13. Nxc6 {is the legacy move (13.Nxf6+).} bxc6 14. Nxf6+ gxf6 15. Bxc6+ Nd7 16. Qf5 $1 Bg6 17. Rxe6+ $1 Be7 $1 18. Qxf6 {[%cal Rf6h8] [#]} Rg8 19. Re3 {aiming for Qxe7+. The board is on fire.} Kf8 20. Qf4 Rc8 {[#]} 21. Bb7 $146 ({Predecessor:} 21. Qxh6+ Rg7 22. Qh8+ Rg8 23. Qh6+ Rg7 24. Qh8+ Rg8 25. Qh6+ {½-½ (25) Misericordia,A (2372)-Nowak,I (2238) LSS email 2018}) 21... Bg5 22. Qd6+ Be7 23. Qf4 Bg5 24. Qd6+ Be7 25. Qf4 Bg5 26. Qd6+ Be7 {An interesting draw.  Weighted Error Value: White=0.00 (flawless) /Black=0.00 (flawless)} 1/2-1/2

[Event "ESP-ch Teams Primera 2022"]
[Site "Sanxenxo Pontevedra"]
[Date "2022.09.22"]
[Round "6.20"]
[White "Pulvett Marin, Daniel Eduardo"]
[Black "Krysa, Leandro"]
[Result "1/2-1/2"]
[ECO "E04"]
[WhiteElo "2497"]
[BlackElo "2535"]
[Annotator "TA"]
[PlyCount "68"]
[EventDate "2022.09.17"]
[EventType "team-tourn"]
[EventCountry "ESP"]
[SourceTitle "playchess.com"]
[Source "ChessBase"]
[SourceQuality "1"]
[TimeControl "5400+30"]

1. d4 Nf6 2. c4 e6 3. Nf3 d5 4. g3 dxc4 5. Bg2 c6 6. a4 {E04: Open Catalan: 5 Nf3.} Bb4+ 7. Bd2 a5 8. Qc2 {The position is equal.} O-O 9. Bxb4 axb4 10. Qxc4 Qa5 11. Qc2 b5 12. O-O bxa4 {[#]} 13. Ne5 $146 ({Predecessor:} 13. Nbd2 Nbd7 14. Nc4 Qa7 15. Rfc1 Bb7 16. Nd6 Qb8 17. Nxb7 Qxb7 18. Ne5 Nxe5 19. dxe5 {½-½ (36) Forsloef,L (2471)-Korabliov,A (2458) ICCF email 2016}) 13... Bb7 14. Rc1 Nbd7 15. Nxc6 Bxc6 16. Qxc6 (16. Bxc6 {is more complex.} Rac8 17. Nd2 Qa6 18. Rxa4 Qxe2 19. Nf3) 16... Ra6 17. Qc4 e5 (17... Rb8 $11 {keeps the balance.}) 18. Nd2 $16 Qb6 19. d5 {White is more active.} (19. Nf3 $16) 19... Rb8 (19... Rfa8 $11) 20. Qd3 $14 {[#] Black must now prevent Rc6.} Ra7 $1 21. Rc6 Qd4 22. Qxd4 (22. Nc4 {is interesting.} g6 23. Qxd4 exd4 24. d6) 22... exd4 23. Rc4 ({White should try} 23. Nc4 $16) 23... d3 24. e4 a3 25. h3 (25. d6 $14) 25... Ne8 (25... Ne5 $5 26. Rd4 $8 g5 $15) 26. Bf1 f5 27. Bxd3 ({White should play} 27. exf5 $14 a2 28. Kg2) 27... Ne5 $11 28. Rd4 Nd6 29. exf5 a2 (29... Rc8 $1 $11 {remains equal.}) 30. Be2 Nxf5 31. Re4 {[#] aiming for g4.} Nd7 32. Bd1 Nd6 33. Rd4 Nf5 34. Rf4 Nd6 {Weighted Error Value: White=0.15 (very precise) /Black=0.19 (very precise)} 1/2-1/2

[Event "ESP-ch Teams Primera 2022"]
[Site "Sanxenxo Pontevedra"]
[Date "2022.09.22"]
[Round "6.21"]
[White "Ushenina, Anna"]
[Black "Alonso Garcia, Aaron"]
[Result "1/2-1/2"]
[ECO "E32"]
[WhiteElo "2439"]
[BlackElo "2427"]
[Annotator "TA"]
[PlyCount "37"]
[EventDate "2022.09.17"]
[EventType "team-tourn"]
[EventCountry "ESP"]
[SourceTitle "playchess.com"]
[Source "ChessBase"]
[SourceQuality "1"]
[TimeControl "5400+30"]

1. d4 Nf6 2. c4 e6 3. Nc3 Bb4 4. Qc2 O-O 5. e4 d5 6. e5 Ne4 7. Bd3 c5 8. Nf3 {[%emt 0:00:09] aiming for 0-0. E32: Nimzo-Indian: Classical (4 Qc2): 4...0-0.} cxd4 9. Nxd4 Nd7 10. Bf4 Qh4 11. g3 Qh3 12. O-O-O {[%emt 0:01:45] Hoping for Bf1.} Nxc3 13. bxc3 Ba3+ 14. Kb1 Nb6 15. Bf1 Qh5 16. Be2 Qh3 17. Bf1 Qh5 18. Be2 {[%emt 0:00:45] [#]} Qh3 $146 ({Predecessor:} 18... Qg6 19. Bd3 Qh5 {½-½ (19) Moiseenko,A (2707)-Tomashevsky,E (2701) Yaroslavl 2014}) 19. Bf1 {[%emt 0:10:32] An even fight not without its subleties.  Weighted Error Value: White=0.03 (flawless) /Black=0.03 (flawless)} 1/2-1/2